Map: Ruins of Seras

Players

Elazer - Winner!

  • Race: Zerg Zerg
  • League: Grandmaster

Semper

  • Race: Terran Terran
  • League: Grandmaster

Event: DreamHack ROCCAT LotV Championship

VOD

Have the link to the VOD?

Description

Time

  • Played on: Nov. 26, 2015, 8:48 a.m.
  • Length: 8:23

All games in this series

Show
View Real Time Build Order
Export as new Build Order

Elazer Zerg - Winner!

Build Orders: Hatch First 

Get SALT Encoding   

  12  0:00  Drone  
  13  0:13  Overlord  
  13  0:18  Drone  
  14  0:31  Drone  
  14  0:32  Drone  
  16  0:36  Drone  
  17  0:53  Hatchery  
  17  0:56  Drone  
  17  0:59  Drone  
  18  1:09  Extractor  
  17  1:15  Spawning Pool  
  17  1:17  Drone  
  17  1:21  Drone  
  18  1:30  Drone  
  19  1:41  Overlord  
  19  2:01  Queen  
  19  2:02  Zergling x4  
  19  2:05  Drone, Queen  
  26  2:09  Metabolic Boost  
  26  2:12  Drone  
  27  2:17  Drone  
  28  2:23  Drone  
  28  2:27  Drone  
  30  2:33  Overlord  
  30  2:37  Drone  
  30  2:40  Queen  
  33  2:44  Drone  
  34  3:00  Drone x2  
  34  3:02  Hatchery  
  35  3:05  Drone  
  35  3:09  Drone, Overlord  
  35  3:11  Drone x2  
  35  3:12  Drone  
  40  3:14  Drone  
  40  3:19  Queen  
  43  3:23  Drone  
  44  3:28  Drone x2  
  44  3:29  Drone, Extractor  
  44  3:31  Drone  
  47  3:38  Extractor  
  47  3:39  Roach Warren  
  47  3:40  Drone  
  47  3:41  Drone  
  47  3:45  Drone x2  
  47  3:47  Drone  
  50  3:50  Overlord  
  50  3:56  Queen  
  51  4:05  Spore Crawler  
  51  4:06  Drone  
  51  4:11  Drone  
  51  4:14  Drone x3  
  55  4:19  Roach x3  
  55  4:20  Roach  
  55  4:22  Overlord  
  63  4:25  Drone  
  63  4:27  Drone  
  65  4:39  Overlord  
  65  4:42  Lair  
  65  4:44  Ravager x3  
  68  4:48  Roach x2  
  68  4:51  Overlord x2  
  68  4:52  Drone  
  73  4:55  Extractor  
  73  4:59  Drone x3  
  75  5:00  Drone x3  
  78  5:13  Drone x4  
  82  5:17  Spore Crawler x2, Drone  
  82  5:18  Drone x5  
  86  5:22  Overlord  
  86  5:26  Drone x2  
  88  5:30  Evolution Chamber x2  
  88  5:34  Overlord  
  86  5:36  Drone x3  
  86  5:40  Glial Reconstitution  
  86  5:41  Roach  
  91  5:48  Roach x3  
  97  5:55  Overlord  
  97  5:59  Extractor  
  97  6:01  Drone x3  
  97  6:02  Zerg Missile Weapons Level 1, Zerg Ground Armor Level 1  
  99  6:06  Ravager  
  99  6:07  Roach x3  
  106  6:16  Overlord  
  106  6:17  Roach x3  
  112  6:21  Roach  
  112  6:25  Overlord x3  
  114  6:29  Hatchery  
  113  6:34  Extractor  
  113  6:35  Drone x3  
  113  6:36  Roach x3  
  113  6:39  Ravager  
  122  6:46  Roach x7  
  136  6:49  Roach x2  
  140  6:59  Roach x3  
  146  7:04  Overlord x3  
  146  7:19  Overlord x2  
  146  7:21  Overlord  
  146  7:27  Roach x7  
  160  7:33  Roach x5  
  170  7:41  Roach x5  
  170  7:42  Ravager x2  
  170  7:43  Ravager x5  
  187  7:47  Ravager  
  188  7:53  Roach x4  
Show
View Real Time Build Order
Export as new Build Order

Semper Terran 

Build Orders:  

Get SALT Encoding   

  12  0:00  SCV  
  13  0:13  SCV  
  14  0:18  Supply Depot  
  14  0:25  SCV  
  15  0:40  SCV, Barracks  
  16  0:45  Refinery  
  16  0:52  SCV  
  18  1:04  SCV  
  18  1:16  SCV  
  19  1:28  Orbital Command  
  19  1:29  Barracks Reactor  
  19  1:44  Command Center  
  19  1:54  SCV  
  19  1:58  Supply Depot  
  20  2:06  SCV, Marine x2  
  23  2:16  Factory  
  23  2:19  SCV  
  24  2:24  Marine  
  24  2:26  Marine  
  26  2:31  SCV  
  26  2:36  Refinery  
  27  2:43  SCV  
  27  2:44  Marine x2  
  30  2:55  SCV  
  30  2:56  Bunker  
  31  3:00  Orbital Command  
  31  3:03  Factory Tech Lab  
  31  3:09  SCV  
  32  3:15  Starport  
  32  3:21  SCV, Marine  
  32  3:25  SCV  
  35  3:33  SCV  
  36  3:38  Supply Depot  
  36  3:39  SCV  
  36  3:45  SCV  
  36  3:47  Marine x2  
  39  3:50  Siege Tank  
  39  3:53  SCV, Medivac  
  45  3:58  SCV  
  46  4:03  Supply Depot  
  46  4:05  SCV  
  47  4:10  SCV  
  47  4:12  Liberator  
  47  4:16  Command Center  
  48  4:18  SCV  
  48  4:20  Marine  
  48  4:21  Marine  
  51  4:26  Supply Depot  
  54  4:35  SCV  
  54  4:37  SCV  
  56  4:46  Factory Tech Lab  
  56  4:47  SCV  
  56  4:48  Barracks  
  56  4:50  Engineering Bay, Barracks  
  57  4:55  SCV, Engineering Bay  
  58  5:01  Stimpack  
  58  5:02  Marauder  
  58  5:03  SCV  
  61  5:12  SCV  
  62  5:16  Starport Reactor  
  62  5:17  Siege Tank  
  62  5:18  SCV  
  66  5:23  Refinery  
  66  5:24  SCV  
  66  5:25  Terran Infantry Weapons Level 1  
  66  5:27  Marine  
  66  5:28  Refinery  
  68  5:29  Orbital Command  
  68  5:35  SCV  
  69  5:37  SCV  
  70  5:44  Marine x2  
  70  5:47  Barracks  
  70  5:48  Barracks Reactor  
  70  5:49  SCV  
  73  5:51  SCV, Barracks  
  73  5:54  Orbital Command  
  75  6:01  Marauder  
  75  6:02  SCV, Marine  
  75  6:07  Marine  
  75  6:08  SCV  
  75  6:10  Terran Infantry Armor Level 1  
  67  6:14  SCV  
  67  6:18  Siege Tank  
  71  6:19  Supply Depot  
  71  6:20  Marine  
  71  6:22  Marauder  
  71  6:25  SCV, Marine  
  76  6:26  Medivac  
  76  6:28  Bunker, Medivac  
  76  6:30  SCV  
  81  6:34  SCV  
  81  6:37  SCV  
  83  6:41  Supply Depot  
  83  6:42  Armory  
  83  6:43  SCV, Marauder  
  83  6:46  SCV  
  87  6:47  Marine  
  87  6:48  Marine x3  
  87  6:53  Barracks Reactor x2  
  91  6:57  SCV  
  91  7:00  Bunker  
  92  7:03  Supply Depot, Siege Tank  
  92  7:04  Marine  
  92  7:05  Marine  
  97  7:08  Refinery  
  97  7:09  Refinery  
  97  7:10  Supply Depot  
  97  7:11  Marine  
  97  7:14  SCV  
  99  7:18  SCV  
  99  7:21  Bunker, Marine  
  99  7:22  Marine  
  101  7:25  Marauder  
  101  7:29  SCV, Marine  
  103  7:31  Marine  
  103  7:32  Supply Depot x2  
  103  7:35  Siege Tank  
  107  7:38  SCV x2  
  107  7:39  Marine  
  107  7:40  Marine x2  
  107  7:42  Medivac  
  114  7:46  Marauder  
  114  7:50  SCV  
  117  7:52  SCV x2, Medivac  
  117  7:54  Marine  
  122  8:02  SCV  
  122  8:04  SCV x2  

Tags
 
Add a new tag
Caveats
  • Supply blocks, unpowered buildings, or Contaminate may cause inaccurate times.
  • Supply counts are checked every 10 seconds.